 Dungeon Crawl Stone Soup version 0.23.2-1-ga50397a6bc (webtiles) character file.

Game seed: 5357402115348990587

14017 Foic the Eclecticist (level 11, -1/72 HPs)
             Began as a Mummy Necromancer on May 21, 2019.
             Was a High Priest of Sif Muna.
             Slain by a seven-headed hydra (14 damage)
             ... on level 3 of the Lair of Beasts.
             The game lasted 01:48:49 (18638 turns).

Foic the Eclecticist (Mummy Necromancer)           Turns: 18638, Time: 01:48:49

Health: -1/72      AC: 13    Str: 13    XL:     11   Next: 83%
Magic:  9/39       EV: 13    Int: 20    God:    Sif Muna [*****.]
Gold:   204        SH:  0    Dex: 12    Spells: 9/41 levels left

rFire    x . .     SeeInvis .   a - staff of wizardry
rCold    + . .     Gourm    .   (no shield)
rNeg     + + +     Faith    .   I - +0 ring mail "Rugh" {Int+3}
rPois    ∞         Spirit   .   D - +0 helmet
rElec    .         Reflect  .   E - +0 cloak
rCorr    .         Harm     .   n - +1 pair of gloves
MR       +....                  A - +2 pair of boots
Stlth    +.........             (no amulet)
HPRegen  0.22/turn              F - ring of wizardry
MPRegen  0.26/turn              i - ring of magical power

@: no status effects
A: no food or potions, fire vulnerability, cold resistance 1, negative energy
resistance 3, torment resistance, unbreathing
a: Divine Energy, Channel Magic, Forget Spell, Renounce Religion


You were on level 3 of the Lair of Beasts.
You worshipped Sif Muna.
Sif Muna was extremely pleased with you.
You were not hungry.

You visited 3 branches of the dungeon, and saw 14 of its levels.

You collected 662 gold pieces.
You spent 458 gold pieces at shops.

Inventory:

Hand Weapons
 b - a +1 hunting sling
 t - a +0 blowgun
 y - a +1 vampiric hand axe
Missiles
 e - 366 stones (quivered)
 l - 92 sling bullets
 s - 65 poisoned needles
 H - 8 needles of sleeping
Armour
 m - a +0 leather armour
 n - a +1 pair of gloves (worn)
 v - a +0 robe
 A - a +2 pair of boots (worn)
 D - a +0 helmet (worn)
 E - a +0 cloak (worn)
 I - the +0 ring mail "Rugh" (worn) {Int+3}
   (You found it on level 8 of the Dungeon)

   It affects your intelligence (+3).
 N - the +0 leather armour of Ahatywoh {rF+}
   (You found it on level 2 of the Lair of Beasts)

   It protects you from fire.
 P - +0 fire dragon scales
Magical Staves
 a - an uncursed staff of wizardry (weapon)
 C - an uncursed staff of air
Jewellery
 i - a ring of magical power (right hand)
 o - an uncursed ring of magical power
 x - an uncursed ring of wizardry
 B - an uncursed amulet of faith
 F - a ring of wizardry (left hand)
 J - an uncursed amulet of guardian spirit
 L - an uncursed ring of ice
 O - an uncursed ring of stealth {unknown}
Wands
 w - a wand of clouds (6)
 z - a wand of polymorph (7)
 G - a wand of iceblast (7)
 K - a wand of scattershot (6)
Scrolls
 c - 6 scrolls of blinking
 d - 10 scrolls of identify
 f - 3 scrolls of teleportation
 g - 2 scrolls of immolation
 h - a scroll of random uselessness
 j - 5 scrolls of enchant weapon
 k - 2 scrolls of fear
 p - 5 scrolls of magic mapping {unknown}
 q - 9 scrolls of enchant armour
 r - 2 scrolls of amnesia {unknown}
 u - 6 scrolls of remove curse {unknown}
 M - a scroll of vulnerability {unknown}


   Skills:
 + Level 1.9 Fighting
 + Level 0.9 Staves
 + Level 2.8 Slings
 + Level 2.5 Armour
 * Level 7.0 Dodging
 + Level 2.6 Stealth
 * Level 15.6 Spellcasting
 + Level 1.3 Hexes
 + Level 1.3 Summonings
 + Level 9.4 Necromancy
 + Level 0.1 Evocations


You had 9 spell levels left.
You knew the following spells:

 Your Spells              Type           Power        Failure   Level  Hunger
a - Pain                  Necr           ####         1%          1    N/A
b - Animate Skeleton      Necr           N/A          1%          1    N/A
c - Vampiric Draining     Necr           ######....   1%          3    N/A
d - Animate Dead          Necr           N/A          1%          4    N/A
e - Call Imp              Summ           ###.....     1%          2    N/A
f - Magic Dart            Conj           ###.         2%          1    N/A
g - Blink                 Tloc           N/A          3%          2    N/A
h - Slow                  Hex            ###.....     1%          2    N/A
i - Gell's Gravitas       Tloc           ###.......   7%          3    N/A
j - Yara's Violent Unrav  Hex/Tmut       ###.......   38%         5    N/A
k - Confuse               Hex            ###.....     4%          3    N/A
l - Agony                 Necr           ######..     1%          5    N/A

Your spell library contained the following spells:

 Spells                   Type           Power        Failure   Level  Hunger
 Confusing Touch          Hex            ###...       1%          1    N/A
 Poisonous Vapours        Pois/Air       ###...       3%          2    N/A
 Conjure Flame            Conj/Fire      ###.....     7%          3    N/A
 Mephitic Cloud           Conj/Pois/Air  ###.....     7%          3    N/A
 Petrify                  Tmut/Erth      ###.....     21%         4    N/A
 Metabolic Englaciation   Hex/Ice        ###.......   38%         5    N/A
 Shadow Creatures         Summ           N/A          83%         6    N/A
 Freezing Cloud           Conj/Ice/Air   ###.......   94%         6    N/A
 Ring of Flames           Chrm/Fire      ###.......   100%        7    N/A
 Summon Hydra             Summ           ###.......   100%        7    N/A
 Regeneration             Chrm/Necr      Unusable     N/A         3    N/A

Dungeon Overview and Level Annotations

Branches:
Dungeon (10/15)            Temple (1/1) D:5            Lair (3/6) D:10
  Snake (0/4) Lair:2          Orc (0/2) D:10
  Swamp: Lair:2-4    Shoals: Lair:2-4

Altars:
Ashenzari
Cheibriados
Dithmenos
Elyvilon
Fedhas
Gozag
Hepliaklqana
Kikubaaqudgha
Makhleb
Nemelex Xobeh
Okawaru
Qazlal
Ru
Sif Muna
Trog
Uskayaw
Vehumet
Wu Jian
Xom
Yredelemnul
Zin
The Shining One

Shops:
D:4 (   D:6 [   D:9 :

Annotations:
D:4 area cloud immunity needed
D:9 shop book of Death 910g
Lair:1 1 runed translucent door, Immiucs's ghost, journeyman MiCK


Innate Abilities, Weirdness & Mutations

You do not eat or drink.
Your flesh is vulnerable to fire.
You are immune to poison.
Your flesh is cold resistant. (rC+)
You are immune to negative energy. (rN+++)
You are immune to unholy pain and torment.
You can survive without breathing.


Message History

Casting: Call Imp (safe; 1% risk of failure)
Confirm with . or Enter, or press ? or * to list all spells.
A shadowy apparition takes form in the air.
The crocodile bites you!
The seven-headed hydra bites your crimson imp.
The seven-headed hydra bites your crimson imp!
Your crimson imp dies!
The seven-headed hydra barely misses you.
The seven-headed hydra bites you! x3
The seven-headed hydra barely misses you.
Your crimson imp blinks!
The crocodile barely misses you.
The seven-headed hydra closely misses you.
The seven-headed hydra bites you!
The seven-headed hydra closely misses you.
The seven-headed hydra bites you!
* * * LOW HITPOINT WARNING * * *
The seven-headed hydra bites you but does no damage.
The seven-headed hydra bites you!
You die...

.#. ###+## .#
#...##.#.P##..#
......D..5....#
...5..t@......#
...............#
.....##.##.#..##
.... ### ## .#
... .< .


You could see a seven-headed hydra, a crocodile, a friendly crimson imp and a
friendly shadow imp.

Vanquished Creatures
  A two-headed ogre (D:9)
  Pikel (D:5)
  3 elephants
  5 spiny frogs
  2 komodo dragons
  A tyrant leech (D:8)
  Grinder (D:5)
  Prince Ribbit (D:7)
  5 blink frogs
  A slime creature (D:9)
  3 hippogriffs
  A spriggan (D:7)
  A wyvern (D:9)
  6 yaks
  2 humans (D:7)
  3 nagas (Lair:2)
  Edmund (D:5)
  3 water moccasins (Lair:1)
  Duvessa (D:6)
  2 porcupines
  2 ice beasts
  4 orc warriors
  7 ogres
  A wolf (Lair:2)
  2 phantoms
  3 centaurs
  3 big kobolds
  4 bullfrogs
  6 scorpions
  Dowan (D:6)
  3 howler monkeys
  5 crimson imps
  4 jellies (D:9)
  A centaur zombie (D:8)
  5 orc priests
  A bullfrog skeleton (D:6)
  2 hounds
  A centaur skeleton (D:5)
  Jessica (D:3)
  An iguana (D:4)
  9 orc wizards
  11 worker ants
  A hound zombie (D:6)
  A hound skeleton (D:9)
  A worker ant zombie (D:7)
  4 gnolls
  9 adders
  11 oozes
  A worm (D:2)
  3 dart slugs
  5 leopard geckos
  39 orcs
  7 bats
  10 giant cockroaches
  6 goblins
  6 hobgoblins
  6 jackals
  8 quokkas
  2 ball pythons
  8 frilled lizards
  26 kobolds
  A leopard gecko skeleton (D:6)
  6 rats
282 creatures vanquished.

Vanquished Creatures (collateral kills)
  An elephant (Lair:2)
  A gargoyle (D:10)
  2 blink frogs (Lair:1)
  A hippogriff (Lair:3)
  A basilisk (Lair:1)
  A hungry ghost (D:10)
  A warg (D:10)
  A naga (Lair:2)
  A water moccasin (Lair:3)
  An ogre (D:8)
  A big kobold (D:9)
  A crocodile (Lair:2)
  A bullfrog (D:6)
  A wyvern skeleton (D:10)
  2 crimson imps
  A quasit (D:10)
  2 bullfrog zombies
  A hound (D:8)
  A jelly (D:9)
  A killer bee zombie (D:6)
  2 oozes (D:9)
  A worm (D:2)
  A dart slug (D:4)
  3 orcs
  A giant cockroach (D:5)
  3 kobolds (D:10)
  2 rats
36 creatures vanquished.

Vanquished Creatures (others)
  A slave (D:5)
  An orc wizard (D:10)
  A worker ant (D:5)
  An adder (D:5)
  A shadow imp (D:5)
  9 fungi
  2 plants (Lair:2)
16 creatures vanquished.

Grand Total: 334 creatures vanquished

Notes
Turn   | Place    | Note
-------+----------+-------------------------------------------
     0 | D:1      | Foic the Mummy Necromancer began the quest for the Orb.
     0 | D:1      | Reached XP level 1. HP: 13/13 MP: 4/4
     2 | D:1      | Learned a level 1 spell: Animate Skeleton
   103 | D:1      | Reached skill level 3 in Spellcasting
   209 | D:1      | Reached XP level 2. HP: 19/19 MP: 4/6
   940 | D:1      | Reached XP level 3. HP: 24/24 MP: 6/8
   947 | D:1      | Learned a level 3 spell: Vampiric Draining
  1199 | D:2      | Reached skill level 4 in Spellcasting
  1978 | D:2      | Reached XP level 4. HP: 30/30 MP: 5/10
  2069 | D:2      | Learned a level 4 spell: Animate Dead
  2701 | D:3      | Reached skill level 5 in Spellcasting
  2751 | D:3      | Noticed Jessica
  2780 | D:3      | Killed Jessica
  2990 | D:3      | Reached XP level 5. HP: 35/35 MP: 13/13
  3505 | D:4      | Reached skill level 6 in Spellcasting
  3522 | D:4      | Reached XP level 6. HP: 35/41 MP: 7/15
  3930 | D:4      | Found Zokkacog's Antique Weapon Boutique.
  4229 | D:4      | Found a bloodstained altar of Trog.
  4380 | D:4      | Reached skill level 7 in Spellcasting
  4380 | D:4      | Reached skill level 5 in Necromancy
  4690 | D:5      | Entered Level 5 of the Dungeon
  4736 | D:5      | Noticed Grinder
  4779 | D:5      | Paralysed by Grinder for 7 turns
  4789 | D:5      | Killed Grinder
  4789 | D:5      | Reached XP level 7. HP: 34/46 MP: 18/18
  4913 | D:5      | Found a staircase to the Ecumenical Temple.
  4915 | D:5      | Noticed Pikel
  4943 | D:5      | Killed Pikel
  4943 | D:5      | Reached skill level 1 in Slings
  4943 | D:5      | Reached skill level 1 in Armour
  4943 | D:5      | Reached skill level 8 in Spellcasting
  4943 | D:5      | Reached XP level 8. HP: 39/53 MP: 20/20
  5046 | Temple   | Entered the Ecumenical Temple
  5302 | Temple   | Became a worshipper of Sif Muna the Loreminder
  5542 | D:5      | Found a runed translucent door.
  5551 | D:5      | Found a runed translucent door.
  5625 | D:5      | Reached skill level 9 in Spellcasting
  6800 | D:6      | Noticed Edmund
  6811 | D:5      | Killed Edmund
  6811 | D:5      | Reached skill level 1 in Fighting
  7242 | D:6      | Reached skill level 10 in Spellcasting
  7314 | D:6      | Reached * piety under Sif Muna
  7367 | D:6      | Noticed Dowan
  7373 | D:6      | Killed Dowan
  7373 | D:6      | Noticed Duvessa
  7400 | D:6      | Killed Duvessa
  7400 | D:6      | Reached XP level 9. HP: 57/59 MP: 23/23
  7598 | D:6      | Found Kunasm's Armour Boutique.
  7601 | D:6      | Bought a +2 pair of boots for 198 gold pieces
  8002 | D:7      | Noticed Prince Ribbit
  8015 | D:7      | Killed Prince Ribbit
  8143 | D:7      | Reached skill level 11 in Spellcasting
  8264 | D:7      | Found an iron altar of Okawaru.
  8281 | D:7      | Reached skill level 5 in Dodging
  8376 | D:7      | Got a distressingly furry plate armour
  8377 | D:7      | Identified the cursed +0 plate armour "Ocehelys" {rCorr
                  | Str+4 Int-2} (You found it on level 7 of the Dungeon)
  9171 | D:7      | Reached ** piety under Sif Muna
  9357 | D:8      | Reached skill level 12 in Spellcasting
  9403 | D:8      | Noticed a two-headed ogre
  9415 | D:8      | Noticed a moth of wrath
  9415 | D:8      | a two-headed ogre changed into a moth of wrath
  9416 | D:8      | Noticed a tyrant leech
  9416 | D:8      | a moth of wrath changed into a tyrant leech
  9519 | D:8      | Killed a tyrant leech
  9519 | D:8      | Reached XP level 10. HP: 23/66 MP: 26/26
 10242 | D:8      | Got a distressingly furry ring mail
 10243 | D:8      | Identified the +0 ring mail "Rugh" {Int+3} (You found it on
                  | level 8 of the Dungeon)
 11057 | D:9      | Found Ynan's Book Boutique.
 11062 | D:9      | Bought a book of Minor Magic for 260 gold pieces
 11065 | D:9      | Learned a level 2 spell: Call Imp
 11067 | D:9      | Learned a level 1 spell: Magic Dart
 11070 | D:9      | Learned a level 2 spell: Blink
 11073 | D:9      | Learned a level 2 spell: Slow
 11329 | D:9      | Noticed a two-headed ogre
 11341 | D:9      | Killed a two-headed ogre
 11341 | D:9      | Reached *** piety under Sif Muna
 11523 | D:9      | Reached skill level 13 in Spellcasting
 12185 | D:10     | Entered Level 10 of the Dungeon
 12376 | D:10     | Found the +15 Maxwell's patent armour {-Cast -Tele rElec
                  | MR+ rCorr}
 12511 | D:10     | Noticed a gargoyle
 12551 | D:10     | HP: 3/67 [gargoyle/stone arrow (16)]
 13109 | D:10     | Killed a gargoyle
 13171 | D:10     | Found a staircase to the Orcish Mines.
 13405 | D:10     | Found a staircase to the Lair.
 13438 | D:10     | Reached skill level 1 in Hexes
 13598 | D:10     | Reached **** piety under Sif Muna
 13964 | Lair:1   | Entered Level 1 of the Lair of Beasts
 14018 | Lair:1   | Noticed a spiny frog
 14036 | Lair:1   | Killed a spiny frog
 14036 | Lair:1   | Reached skill level 14 in Spellcasting
 14165 | Lair:1   | Reached XP level 11. HP: 72/72 MP: 29/29
 14890 | Lair:1   | Found a shimmering altar of Xom.
 14890 | Lair:1   | Noticed Immiucs's ghost (journeyman MiCK)
 14890 | Lair:1   | Noticed a +2 war axe of chaos
 14891 | Lair:1   | Found a runed translucent door.
 15267 | Lair:2   | Learned a level 3 spell: Gell's Gravitas
 15273 | Lair:2   | Learned a level 5 spell: Yara's Violent Unravelling
 15277 | Lair:2   | Learned a level 3 spell: Confuse
 15396 | Lair:2   | Found a staircase to the Snake Pit.
 16080 | Lair:1   | Reached skill level 1 in Summonings
 16651 | Lair:2   | Reached ***** piety under Sif Muna
 16651 | Lair:2   | Reached skill level 15 in Spellcasting
 16722 | Lair:2   | Got a smoking leather armour
 16723 | Lair:2   | Identified the +0 leather armour of Ahatywoh {rF+} (You
                  | found it on level 2 of the Lair of Beasts)
 17036 | Lair:2   | Identified Sif Muna's Grimoire of the Doomed Escort (Sif
                  | Muna gifted it to you on level 2 of the Lair of Beasts)
 17036 | Lair:2   | Received a gift from Sif Muna
 17044 | Lair:2   | Learned a level 5 spell: Agony
 18626 | Lair:3   | Noticed a seven-headed hydra
 18638 | Lair:3   | Slain by a seven-headed hydra

Skill      XL: |  1  2  3  4  5  6  7  8  9 10 11 |
---------------+----------------------------------+-----
Spellcasting   | 3 4 5 6 7 8 10 12 14 15 | 15.6
Dodging        | 2 3 4 5 6 7 |  7.0
Necromancy     | 5 6 7 8 9 |  9.4
Slings         | 1 2 |  2.8
Armour         | 1 2 |  2.5
Stealth        | 2 |  2.6
Fighting       | 1 |  1.9
Hexes          | 1 |  1.3
Summonings     | 1 |  1.3
Staves         | |  0.9
Evocations     | |  0.1

Action                   |  1- 3 |  4- 6 |  7- 9 | 10-12 || total
-------------------------+-------+-------+-------+-------++-------
Melee: Staff             |       |       |   238 |    65 ||   303
 Fire: Hunting sling     |       |    18 |    96 |    96 ||   210
Throw: Stone             |       |       |       |     1 ||     1
 Cast: Pain              |    82 |   128 |   244 |   498 ||   952
       Animate Skeleton  |    16 |    13 |       |       ||    29
       Animate Dead      |       |    12 |    20 |    30 ||    62
       Vampiric Draining |       |     7 |    23 |    99 ||   129
       Call Imp          |       |       |       |    80 ||    80
       Slow              |       |       |       |    48 ||    48
       Magic Dart        |       |       |       |    22 ||    22
       Confuse           |       |       |       |     9 ||     9
       Agony             |       |       |       |     9 ||     9
       Gell's Gravitas   |       |       |       |     3 ||     3
       Blink             |       |       |       |     1 ||     1
       Yara's Violent Un |       |       |       |     1 ||     1
Evoke: Wand              |       |       |     2 |     2 ||     4
  Use: Scroll            |       |       |    12 |     3 ||    15
 Stab: Distracted        |       |       |     3 |       ||     3
       Sleeping          |       |       |     1 |       ||     1
Armor: Robe              |     1 |       |       |       ||     1
       Leather armour    |       |     4 |   120 |    29 ||   153
       Ring mail         |       |       |       |   223 ||   223
Dodge: Dodged            |     8 |    36 |   238 |   377 ||   659
